 Dungeon Crawl Stone Soup version 0.14-a0-2785-gb4497b5 (webtiles) character file.

161 Econoterrorist the Scratcher (level 3, 0/22 HPs)
             Began as a Felid Transmuter on Feb 24, 2014.
             Succumbed to an adder's poison
             ... on Level 3 of the Dungeon.
             The game lasted 00:12:42 (2337 turns).

Econoterrorist the Scratcher (Felid Transmuter)     Turns: 2337, Time: 00:12:43

HP   0/22        AC 21     Str  9      XL: 3   Next: 98%
MP   8/8         EV  1     Int 15      God:
Gold 94          SH  0     Dex 16      Spells:  2 memorised,  2 levels left
Lives: 0, deaths: 1

rFire  . . .     SeeInvis +       - Unarmed
rCold  . . .     Clarity  .     (armour unavailable)
rNeg   + + +     Conserve .     (shield unavailable)
rPois  +         rCorr    .     (helmet unavailable)
rElec  .         rRot     .     (cloak unavailable)
SustAb . .       Spirit   .     (gloves unavailable)
rMut   .         Warding  +     (boots unavailable)
Saprov . . .     NoTele   +     l - amulet of warding
MR     .....                    s - cursed ring of teleportation
                                h - +3 ring of strength

@: tree-form, mildly poisoned, not resistant to hostile enchantments, unstealthy
A: paw claws, no armour, no weapons or thrown items, (fangs 0), see invisible,
carnivore 3, (speed 0), (shaggy fur 0), slow metabolism 1, jump 1
a: Jump Attack, Evoke Teleportation


You were on level 3 of the Dungeon.
You were not hungry.
You were an animated tree.
You visited 1 branch of the dungeon, and saw 3 of its levels.

You collected 94 gold pieces.

Inventory:

Missiles
 b - 12 arrows
Comestibles
 a - 3 meat rations
Scrolls
 f - a scroll of fear {unknown}
 g - 3 scrolls of identify
 i - a scroll of enchant weapon II {unknown}
 j - a scroll of remove curse {unknown}
 n - a scroll of noise {unknown}
 t - a scroll of amnesia {unknown}
Jewellery
 h - a +3 ring of strength (left branch)
 l - an amulet of warding (around neck)
 s - a cursed ring of teleportation (right branch)
Potions
 c - a potion of magic
 k - a potion of restore abilities {unknown}
 m - a potion of paralysis {unknown}
 o - a potion of curing {unknown}
 p - a potion of mutation {unknown}
 r - a potion of speed {unknown}
 u - a potion of agility {unknown}
Books
 d - a book of Changes

   Spells                             Type                      Level
   *Beastly Appendage                 Transmutation                1
   Sticks to Snakes                   Transmutation                2
   *Spider Form                       Transmutation/Poison         3
   Ice Form                           Ice/Transmutation            4
   Blade Hands                        Transmutation                5


   Skills:
 - Level 1.0 Fighting
 - Level 2.6 Dodging
 - Level 5.4 Unarmed Combat
 - Level 2.0 Spellcasting
 + Level 2.5 Transmutations


You had 2 spell levels left.
You knew the following spells:

 Your Spells              Type           Power        Failure   Level  Hunger
a - Beastly Appendage     Trmt           #.....       10%         1    N/A
b - Spider Form           Trmt/Pois      #.........   43%         3    N/A

Dungeon Overview and Level Annotations

Branches:
Dungeon (3/16)

Altars:
Nemelex Xobeh


Innate Abilities, Weirdness & Mutations

You cannot wear armour.
You are incapable of wielding weapons or throwing items.
((Your paws have sharp claws.))*
((You have razor-sharp teeth.))*
You have supernaturally acute eyesight.
You are carnivorous and can eat meat at any time.
((You cover ground quickly.))*
((You are covered in fur (AC +1).))*
You have a slow metabolism.
You can jump attack at a short distance.


Message History

* * * LOW HITPOINT WARNING * * *
You feel sick.
Eat which item? (? for menu, Esc to quit)
Okay, then.
Unknown command.
Drink which item? (? for menu, Esc to quit)
Your horns disappear.
You turn into an animated tree.
Your roots penetrate the ground.
It was a potion of lignification.
* * * LOW HITPOINT WARNING * * *
You feel sick.
It'd take too long for a potion to reach your roots.
You start resting.
* * * LOW HITPOINT WARNING * * *
You feel sick.
You start resting.
* * * LOW HITPOINT WARNING * * *
You feel sick.
You start resting.
You die...

# .### #..#.
###... #....#
#.#..## #.....#
.[# #.....##....
#.♣.......... ..#
#.....##..... #.#
#.....##..... #.#
###.####..#.# #.#
#.# #..#.# #.#
#.####..#<# #.#
#.......#.# #.#
######..#.###.###
#......%....


There were no monsters in sight!

Vanquished Creatures
  4 adders
  A gnoll (D:3)
  2 giant mites
  A worm (D:2)
  An ooze (D:2)
  7 giant cockroaches
  7 hobgoblins
  2 jackals (D:2)
  A ball python (D:3)
  4 bats
  2 giant geckos
  4 goblins
  8 kobolds
  A quokka (D:3)
  6 rats
51 creatures vanquished.

Notes
Turn   | Place    | Note
--------------------------------------------------------------
     0 | D:1      | Econoterrorist, the Felid Transmuter, began the quest for the Orb.
     0 | D:1      | Reached XP level 1. HP: 9/9 MP: 4/4
   241 | D:1      | Reached XP level 2. HP: 10/12 MP: 3/5
   723 | D:2      | Reached skill level 4 in Unarmed Combat
   737 | D:2      | Reached XP level 3. HP: 13/15 MP: 6/8
  1077 | D:2      | Learned a level 3 spell: Spider Form
  1586 | D:2      | Reached XP level 4. HP: 19/19 MP: 8/10
  1614 | D:2      | Reached skill level 5 in Unarmed Combat
  1947 | D:3      | Found a sparkling altar of Nemelex Xobeh.
  1955 | D:3      | Slain by a gnoll
  1956 | D:3      | Reached XP level 3. HP: -2/15 MP: 8/8
  2333 | D:3      | HP: 1/22 [poisoned by an adder]
  2337 | D:3      | Succumbed to an adder's poison

Action                   |  1- 3 |  4- 6 || total
-------------------------+-------+-------++-------
Melee: Unarmed           |   123 |    22 ||   145
 Cast: Beastly Appendage |    26 |     4 ||    30
       Spider Form       |     1 |       ||     1
  Use: Potion            |     1 |       ||     1
       Scroll            |       |     3 ||     3
 Stab: Sleeping          |     3 |     1 ||     4
